3L
AUSTIN RANGERS @ OAKLAND OAKS
09/03/2022
 
TOP OF THE 1ST
Austin Rangers batting - Pitching for Oakland Oaks : RHP Kent Clement
Pitching: RHP Kent Clement
Batting: RHB Tony Hernández 0-0: Swinging Strike
0-1: Foul Ball, location: 2F
0-2: Strikes out swinging
Batting: RHB Florian Cesaresco 0-0: Called Strike
0-1: Ground out U3 (Groundball, 3S)
Batting: SHB Carlos Kramer 0-0: Ball
1-0: Fly out, F8 (Flyball, 8LXD)
Top of the 1st over - 0 run(s), 0 hit(s), 0 error(s), 0 left on base; Austin 0 - Oakland 0
BOTTOM OF THE 1ST
Oakland Oaks batting - Pitching for Austin Rangers : RHP Art Adams
Pitching: RHP Art Adams
Batting: LHB Todd Williams 0-0: Bunted foul
0-1: Called Strike
0-2: SINGLE (Groundball, 34)
Batting: LHB Todd Henry 0-0: Called Strike
0-1: Fly out, F7 (Flyball, 7LMF)
Batting: LHB Edwin Church 0-0: Ball
1-0: Ball
2-0: Called Strike
2-1: Foul Ball, location: 2F
2-2: Foul Ball, location: 2F
2-2: Grounds into double play, U6-3 (Groundball, 6M)
Bottom of the 1st over - 0 run(s), 1 hit(s), 0 error(s), 0 left on base; Austin 0 - Oakland 0
TOP OF THE 2ND
Austin Rangers batting - Pitching for Oakland Oaks : RHP Kent Clement
Batting: LHB James Murray 0-0: Ball
1-0: Called Strike
1-1: Called Strike
1-2: Ground out 4-3 (Groundball, 4)
Batting: LHB Trent Kershaw 0-0: Called Strike
0-1: Ground out 5-3 (Groundball, 56)
Batting: RHB Alex Maxwell 0-0: Ball
1-0: Ball
2-0: SINGLE (Flyball, 6MD)
Batting: RHB Carlos Caraballo 0-0: Ball
Pickoff Throw to First - Error! E1
Alex Maxwell to second
1-0: Ball
2-0: Foul Ball, location: 2F
2-1: Foul Ball, location: 2F
2-2: Ball
3-2: Strikes out swinging
Top of the 2nd over - 0 run(s), 1 hit(s), 1 error(s), 1 left on base; Austin 0 - Oakland 0
BOTTOM OF THE 2ND
Oakland Oaks batting - Pitching for Austin Rangers : RHP Art Adams
Batting: LHB Jesús Quintanilla 0-0: Called Strike
0-1: Called Strike
0-2: Ball
1-2: Strikes out swinging
Batting: LHB Ron Frazier 0-0: Called Strike
0-1: Ground out 3-1 (Groundball, 34)
Batting: SHB John Allen 0-0: Swinging Strike
0-1: DOUBLE (Line Drive, 89M)
Batting: RHB Miguel Fernández 0-0: Ball
1-0: Ball
2-0: Foul Ball, location: 2F
2-1: Foul Ball, location: 2F
2-2: Ball
3-2: Base on Balls
Batting: LHB Johnny Hernández 0-0: Fly out, F8 (Flyball, 8RM)
Bottom of the 2nd over - 0 run(s), 1 hit(s), 0 error(s), 2 left on base; Austin 0 - Oakland 0
TOP OF THE 3RD
Austin Rangers batting - Pitching for Oakland Oaks : RHP Kent Clement
Batting: RHB Riley Howard 0-0: Ball
1-0: Foul Ball, location: 2F
1-1: Foul Ball, location: 2F
1-2: SOLO HOME RUN (Flyball, 8RXD), Distance : 434 ft
Batting: RHB Joseph Pate 0-0: Called Strike
0-1: Swinging Strike
0-2: Ball
1-2: Ball
2-2: Strikes out swinging
Batting: RHB Tony Hernández 0-0: DOUBLE (Groundball, 5L)
Batting: RHB Florian Cesaresco 0-0: Ball
Tony Hernández steals 3rd base
1-0: SINGLE (Line Drive, 56D)
Tony Hernández scores
Batting: SHB Carlos Kramer 0-0: Ball
1-0: Ball
2-0: Swinging Strike
2-1: Ball
3-1: Foul Ball, location: 2F
3-2: Foul Ball, location: 2F
3-2: Fly out, F8 (Flyball, 8LD)
Batting: LHB James Murray 0-0: Ball
1-0: Swinging Strike
1-1: Ball
2-1: Foul Ball, location: 2F
2-2: Strikes out looking
Top of the 3rd over - 2 run(s), 3 hit(s), 0 error(s), 1 left on base; Austin 2 - Oakland 0
BOTTOM OF THE 3RD
Oakland Oaks batting - Pitching for Austin Rangers : RHP Art Adams
Batting: RHB Dave Henderson 0-0: Fly out, F9 (Flyball, 9S)
Batting: LHB Todd Williams 0-0: Swinging Strike
0-1: Fly out, F7 (Flyball, 78XD)
Batting: LHB Todd Henry 0-0: Ball
1-0: Called Strike
1-1: Foul Ball, location: 2F
1-2: Ground out 1-3 (Groundball, 15S)
Bottom of the 3rd over - 0 run(s), 0 hit(s), 0 error(s), 0 left on base; Austin 2 - Oakland 0
TOP OF THE 4TH
Austin Rangers batting - Pitching for Oakland Oaks : RHP Kent Clement
Batting: LHB Trent Kershaw 0-0: Swinging Strike
0-1: Foul Ball, location: 2F
0-2: Ball
1-2: Ball
2-2: Ball
3-2: Strikes out swinging
Batting: RHB Alex Maxwell 0-0: Swinging Strike
0-1: Swinging Strike
0-2: Foul Ball, location: 2F
0-2: Ball
1-2: Strikes out swinging
Batting: RHB Carlos Caraballo 0-0: Called Strike
0-1: Ball
1-1: Called Strike
1-2: Foul Ball, location: 2F
1-2: Strikes out swinging
Top of the 4th over - 0 run(s), 0 hit(s), 0 error(s), 0 left on base; Austin 2 - Oakland 0
BOTTOM OF THE 4TH
Oakland Oaks batting - Pitching for Austin Rangers : RHP Art Adams
Batting: LHB Edwin Church 0-0: Fly out, F8 (Flyball, 8RS)
Batting: LHB Jesús Quintanilla 0-0: Called Strike
0-1: Foul Ball, location: 2F
0-2: Strikes out swinging
Batting: LHB Ron Frazier 0-0: Ball
1-0: Ball
2-0: Called Strike
2-1: Ball
3-1: Base on Balls
Batting: SHB John Allen 0-0: Ball
1-0: Called Strike
1-1: Swinging Strike
1-2: Ball
2-2: Ball
3-2: Foul Ball, location: 2F
3-2: Fly out, F5 (Popup, 5F)
Bottom of the 4th over - 0 run(s), 0 hit(s), 0 error(s), 1 left on base; Austin 2 - Oakland 0
TOP OF THE 5TH
Austin Rangers batting - Pitching for Oakland Oaks : RHP Kent Clement
Batting: RHB Riley Howard 0-0: Ball
1-0: DOUBLE (Flyball, 89XD)
Batting: RHB Joseph Pate 0-0: Swinging Strike
0-1: Ball
1-1: Foul Ball, location: 2F
1-2: Strikes out looking
Batting: RHB Tony Hernández 0-0: Ball
1-0: Ball
2-0: Swinging Strike
2-1: Foul Ball, location: 2F
2-2: Ball
3-2: Foul Ball, location: 2F
3-2: Ground out 5-3 (Groundball, 56)
Batting: RHB Florian Cesaresco 0-0: Fly out, F8 (Flyball, 8RS)
Top of the 5th over - 0 run(s), 1 hit(s), 0 error(s), 1 left on base; Austin 2 - Oakland 0
BOTTOM OF THE 5TH
Oakland Oaks batting - Pitching for Austin Rangers : RHP Art Adams
Batting: RHB Miguel Fernández 0-0: Foul Ball, location: 2F
0-1: Ball
1-1: Ball
2-1: Foul Ball, location: 2F
2-2: Fly out, F7 (Flyball, 7M)
Batting: LHB Johnny Hernández 0-0: Foul Ball, location: 2F
0-1: Foul Ball, location: 2F
0-2: Ball
1-2: Foul Ball, location: 2F
1-2: Strikes out swinging
Batting: RHB Dave Henderson 0-0: Foul Ball, location: 2F
0-1: Foul Ball, location: 2F
0-2: Ball
1-2: Ball
2-2: Strikes out looking
Bottom of the 5th over - 0 run(s), 0 hit(s), 0 error(s), 0 left on base; Austin 2 - Oakland 0
TOP OF THE 6TH
Austin Rangers batting - Pitching for Oakland Oaks : RHP Kent Clement
Batting: SHB Carlos Kramer 0-0: Ball
1-0: Ball
2-0: Swinging Strike
2-1: Called Strike
2-2: Foul Ball, location: 2F
2-2: Strikes out looking
Batting: LHB James Murray 0-0: Foul Ball, location: 2F
0-1: Ball
1-1: Fly out, F7 (Flyball, 78M)
Batting: LHB Trent Kershaw 0-0: Ball
1-0: Ball
2-0: Foul Ball, location: 2F
2-1: Swinging Strike
2-2: Ball
3-2: Strikes out swinging
Top of the 6th over - 0 run(s), 0 hit(s), 0 error(s), 0 left on base; Austin 2 - Oakland 0
BOTTOM OF THE 6TH
Oakland Oaks batting - Pitching for Austin Rangers : RHP Art Adams
Batting: LHB Todd Williams 0-0: SINGLE (Line Drive, 4M)
Batting: LHB Todd Henry 0-0: 2-RUN HOME RUN (Line Drive, 9D), Distance : 362 ft
Batting: LHB Edwin Church 0-0: Reaches on Catchers interference
Batting: LHB Jesús Quintanilla 0-0: Called Strike
0-1: Swinging Strike
0-2: Ball
1-2: Ball
2-2: Foul Ball, location: 2F
2-2: Foul Ball, location: 2F
2-2: Fly out, F9 (Flyball, 89M)
Batting: LHB Ron Frazier 0-0: SINGLE (Groundball, 34D) (infield hit)
Edwin Church to second
Batting: SHB John Allen 0-0: Ball
1-0: Called Strike
1-1: Foul Ball, location: 2F
1-2: Ball
2-2: Fly out, F8 (Flyball, 8LM)
Batting: RHB Miguel Fernández 0-0: Called Strike
0-1: Ball
1-1: Ball
2-1: Foul Ball, location: 2F
2-2: Ball
3-2: Fly out, F9 (Line Drive, 9M)
Bottom of the 6th over - 2 run(s), 3 hit(s), 1 error(s), 2 left on base; Austin 2 - Oakland 2
TOP OF THE 7TH
Austin Rangers batting - Pitching for Oakland Oaks : RHP Kent Clement
Batting: RHB Alex Maxwell 0-0: Ball
1-0: Ball
2-0: Foul Ball, location: 2F
2-1: Foul Ball, location: 2F
2-2: Strikes out swinging, 2-3 out at first.
Batting: RHB Carlos Caraballo 0-0: SINGLE (Line Drive, 89S)
Pinch Hitting: LHB Jon MacIntyre 0-0: Ball
1-0: Ball
2-0: Ball
3-0: Base on Balls
Carlos Caraballo to second
Pitching: RHP Miguel Herrera
Batting: RHB Joseph Pate 0-0: Foul Ball, location: 2F
0-1: Ball
1-1: Foul Ball, location: 2F
1-2: Fly out, F8 (Flyball, 8LS)
Batting: RHB Tony Hernández 0-0: Foul Ball, location: 2F
0-1: Ball
1-1: Foul Ball, location: 2F
1-2: Ball
2-2: Foul Ball, location: 2F
2-2: Ball
3-2: Base on Balls
Carlos Caraballo to third
Jon MacIntyre to second
Batting: RHB Florian Cesaresco 0-0: Ball
1-0: Ball
2-0: Ball
3-0: Called Strike
3-1: Base on Balls
Carlos Caraballo scores
Jon MacIntyre to third
Tony Hernández to second
Batting: SHB Carlos Kramer 0-0: Ball
1-0: Ball
2-0: Called Strike
2-1: Ball
3-1: Base on Balls
Jon MacIntyre scores
Tony Hernández to third
Florian Cesaresco to second
Batting: LHB James Murray 0-0: Ball
1-0: Swinging Strike
1-1: Fly out, F3 (Popup, 2R)
Top of the 7th over - 2 run(s), 1 hit(s), 0 error(s), 3 left on base; Austin 4 - Oakland 2
BOTTOM OF THE 7TH
Oakland Oaks batting - Pitching for Austin Rangers : RHP Art Adams
Now at 2B: Jon MacIntyre
Batting: LHB Johnny Hernández 0-0: Called Strike
0-1: Ball
1-1: Ball
2-1: Foul Ball, location: 2F
2-2: Foul Ball, location: 2F
2-2: Ball
3-2: Foul Ball, location: 2F
3-2: Base on Balls
Batting: RHB Dave Henderson 0-0: Foul Ball, location: 2F
0-1: Swinging Strike
0-2: Ball
1-2: Foul Ball, location: 2F
1-2: Ball
2-2: Ground out 5-3 (Groundball, 5S)
Johnny Hernández to second
Batting: LHB Todd Williams 0-0: Called Strike
0-1: Swinging Strike
0-2: Ground out 4-3 (Groundball, 34)
Johnny Hernández to third
Pitching: LHP Sergio Garza
Batting: LHB Todd Henry 0-0: Called Strike
0-1: Called Strike
0-2: Strikes out swinging
Bottom of the 7th over - 0 run(s), 0 hit(s), 0 error(s), 1 left on base; Austin 4 - Oakland 2
TOP OF THE 8TH
Austin Rangers batting - Pitching for Oakland Oaks : RHP Miguel Herrera
Batting: LHB Trent Kershaw 0-0: Ball
1-0: Foul Ball, location: 2F
1-1: Ground out 4-3 (Groundball, 34)
Batting: RHB Alex Maxwell 0-0: Ball
1-0: Ball
2-0: Foul Ball, location: 2F
2-1: SINGLE (Line Drive, 8LS)
Batting: RHB Carlos Caraballo 0-0: Ball
1-0: Foul Ball, location: 2F
1-1: Ball
2-1: Foul Ball, location: 2F
2-2: Strikes out looking
Batting: LHB Jon MacIntyre 0-0: Ball
1-0: Reached on error, E1 (Groundball, 15)
Alex Maxwell to second
Batting: RHB Joseph Pate 0-0: Ball
1-0: Ball
2-0: Foul Ball, location: 2F
2-1: Foul Ball, location: 2F
2-2: Ball
3-2: Base on Balls
Alex Maxwell to third
Jon MacIntyre to second
Batting: RHB Tony Hernández 0-0: Ball
1-0: Called Strike
1-1: Foul Ball, location: 2F
1-2: Strikes out swinging
Top of the 8th over - 0 run(s), 1 hit(s), 1 error(s), 3 left on base; Austin 4 - Oakland 2
BOTTOM OF THE 8TH
Oakland Oaks batting - Pitching for Austin Rangers : LHP Sergio Garza
Batting: LHB Edwin Church 0-0: Foul Ball, location: 2F
0-1: Foul Ball, location: 2F
0-2: SOLO HOME RUN (Flyball, 89XD), Distance : 397 ft
Pitching: RHP Jim Price
Batting: LHB Jesús Quintanilla 0-0: Swinging Strike
0-1: Called Strike
0-2: Ball
1-2: Ground out 4-3 (Groundball, 4)
Batting: LHB Ron Frazier 0-0: Ball
1-0: SINGLE (Groundball, 5D)
Batting: SHB John Allen 0-0: Ball
1-0: Called Strike
1-1: Ball
2-1: Fly out, F5 (Popup, 5DF)
Batting: RHB Miguel Fernández 0-0: Foul Ball, location: 2F
0-1: Called Strike
0-2: DOUBLE (Line Drive, 6M)
Ron Frazier to third
Runner from 3rd tries for Home, SAFE, no throw or cutoff
Batting: LHB Johnny Hernández 0-0: Ball
1-0: Called Strike
1-1: Called Strike
1-2: Ball
2-2: Ball
3-2: Ground out 4-3 (Groundball, 34)
Bottom of the 8th over - 2 run(s), 3 hit(s), 0 error(s), 1 left on base; Austin 4 - Oakland 4
TOP OF THE 9TH
Austin Rangers batting - Pitching for Oakland Oaks : RHP Miguel Herrera
Pitching: RHP Tony Hernández
Batting: RHB Florian Cesaresco 0-0: Foul Ball, location: 2F
0-1: Ball
1-1: Swinging Strike
1-2: Ball
2-2: Ball
3-2: Strikes out swinging, 2-3 out at first.
Batting: SHB Carlos Kramer 0-0: Fly out, F8 (Flyball, 89M)
Batting: LHB James Murray 0-0: Ground out 4-3 (Groundball, 34)
Top of the 9th over - 0 run(s), 0 hit(s), 0 error(s), 0 left on base; Austin 4 - Oakland 4
BOTTOM OF THE 9TH
Oakland Oaks batting - Pitching for Austin Rangers : RHP Jim Price
Batting: RHB Dave Henderson 0-0: Ball
1-0: Swinging Strike
1-1: Ball
2-1: Called Strike
2-2: Foul Ball, location: 2F
2-2: Ball
3-2: SOLO HOME RUN (Flyball, 7D), Distance : 389 ft
This league is powered by Out of the Park Baseball, the baseball management simulation game for PC, Mac and Linux
Friday, April 15th, 2016 - OOTP Baseball 16.9 Build 39